 Dungeon Crawl Stone Soup version 0.26.0-10-g1f06aea511 (webtiles) character file.

Game seed: 8214094346633577223

4238 MisterFreud the Grappler (level 10, 0/98 HPs)
             Began as a Troll Monk on Jan 14, 2021.
             Slain by a wyvern (10 damage)
             ... on level 9 of the Dungeon.
             The game lasted 00:07:49 (4066 turns).

MisterFreud the Grappler (Troll Monk)               Turns: 4066, Time: 00:07:49

Health: 0/98       AC:  6    Str: 22 (24) XL:     10   Next: 9%
Magic:  9/9        EV: 10    Int:  3 (6)  God:
Gold:   246        SH: 10    Dex:  9 (12) Spells: 9/9 levels left

rFire    + . .     SeeInvis .     - Unarmed
rCold    x . .     Faith    .   e - +0 kite shield
rNeg     + . .     Spirit   .   a - +0 robe
rPois    .         Reflect  .   (helmet restricted)
rElec    .         Harm     .   (no cloak)
rCorr    .         Rampage  .   (gloves unavailable)
Will     .....                  (boots unavailable)
Stlth    +.........             (no amulet)
HPRegen  0.66/turn              c - ring of positive energy
MPRegen  0.11/turn              s - ring of fire

@: no status effects
A: large, unfitting armour, claws 3, regeneration 1, shaggy fur 1, tough skin 3
a: no special abilities


You were on level 9 of the Dungeon.
You visited 1 branch of the dungeon, and saw 10 of its levels.
You also visited: Sewer, Ossuary and Bailey.

You collected 473 gold pieces.
You spent 227 gold pieces at shops.

Inventory:

Missiles
 v - 7 boomerangs (quivered)
 y - 9 poisoned darts
Armour
 a - a +0 robe (worn)
 e - a +0 kite shield (worn)
Jewellery
 c - a ring of positive energy (left claw)
 s - a ring of fire (right claw)
Wands
 r - a wand of paralysis (5)
 z - a wand of disintegration (13)
 A - a wand of flame (17)
Scrolls
 b - a scroll of fear {unknown}
 d - 10 scrolls of teleportation
 j - 5 scrolls of identify
 k - 2 scrolls of fog {unknown}
 l - 2 scrolls of remove curse {unknown}
 q - a scroll of noise {unknown}
 t - 2 scrolls of magic mapping
Potions
 f - 2 potions of degeneration
 g - 2 potions of brilliance {unknown}
 h - 2 potions of heal wounds {unknown}
 i - 2 potions of might {unknown}
 m - 2 potions of curing
 n - a potion of attraction {unknown}
 o - a potion of ambrosia {unknown}
 p - 3 potions of haste {unknown}
 u - a potion of lignification {unknown}
 w - 2 potions of flight {unknown}
 x - a potion of magic {unknown}


   Skills:
 - Level 6.0 Fighting
 - Level 2.4 Dodging
 - Level 1.0 Stealth
 + Level 7.6 Shields
 - Level 10.0 Unarmed Combat


You had 9 spell levels left.
You didn't know any spells.
Your spell library contained the following spells:

 Spells                   Type           Power        Failure   Level
 Beastly Appendage        Tmut           0%           63%         1
 Freeze                   Ice            0%           63%         1
 Summon Small Mammal      Summ           0%           63%         1
 Call Imp                 Summ           0%           77%         2
 Wereblood                Tmut           0%           77%         2
 Call Canine Familiar     Summ           0%           94%         3
 Frozen Ramparts          Ice            0%           94%         3
 Ozocubu's Armour         Ice            0%           94%         3
 Spider Form              Tmut/Pois      0%           94%         3
 Summon Guardian Golem    Hex/Summ       0%           94%         3
 Hailstorm                Conj/Ice       0%           100%        4
 Ice Form                 Ice/Tmut       0%           100%        4
 Summon Ice Beast         Ice/Summ       0%           100%        4
 Summon Lightning Spire   Summ/Air       0%           100%        4
 Blade Hands              Tmut           0%           100%        5


Dungeon Overview and Level Annotations

Branches:
Dungeon (10/15)            Temple (0/1) D:4             Orc (0/2) D:9
  Sewer (visited)         Ossuary (visited)          Bailey (visited)
   Lair: D:8-11

Altars:
Dithmenos
Fedhas
Makhleb
Okawaru
Ru
Uskayaw
Xom
Lugonu

Shops:
D:8 ?

Portals:
Abyss: D:9

Annotations:
D:10 Erolcha


Innate Abilities, Weirdness & Mutations

You are too large for most types of armour.
You have claws for hands.
Your natural rate of healing is unusually fast.
You are covered in fur. (AC +1)
You have extremely tough skin. (AC +3)


Message History

Found a stone staircase leading down.
You feel better.
You hear some strange, mumbled words.
A puff of flame appears from out of thin air!
The puff of flame hits you. You resist.
* * * LOW HITPOINT WARNING * * *
You hear some strange, mumbled words.
A puff of frost appears from out of thin air!
The puff of frost hits you.
You feel a terrible chill!
* * * LOW HITPOINT WARNING * * *
It was a potion of degeneration.
There was something very wrong with that liquid.
You feel weakened.
You feel dopey.
You feel clumsy.
An orc wizard appears from thin air!
Reactivating autopickup.
The orc wizard hits you but does no damage.
You mangle the orc wizard!!
You kill the orc wizard!
The wyvern bites you!
You die...

#....>... #.......
#...... #..... +....
... ##l# #.@# ###
#######)#########
...
................#
...
##.##.#...(......#
...
..#....#.#.........#
...
.........##........#
.=.
#.#_..§...........#
.>.
..#§∩#...........#
...
....#...#.....*.#


You could see a wyvern.

Vanquished Creatures
  Erica (D:9)
  Prince Ribbit (D:9)
  A wyvern (D:9)
  A yak (D:10)
  Grum (D:9)
  A water moccasin (D:8)
  Duvessa (D:7)
  An ice beast (D:7)
  An orc warrior (D:9)
  A sky beast (D:9)
  A black bear (D:8)
  4 wolves (D:9)
  4 ogres
  4 centaurs
  A big kobold (D:9)
  5 bullfrogs
  Dowan (D:7)
  3 scorpions
  4 wights (D:8)
  3 howler monkeys (D:10)
  A centaur zombie (D:7)
  A jelly (D:8)
  2 hounds (D:8)
  4 orc wizards
  A centaur skeleton (D:7)
  5 worker ants
  9 mummies
  A worker ant zombie (D:7)
  5 adders
  A shadow imp (D:7)
  3 white imps
  2 ufetubi
  2 worms
  5 leopard geckos
  10 orcs
  6 ball pythons
  6 giant cockroaches
  A gnoll zombie (Ossuary)
  5 goblins
  A hobgoblin (D:2)
  4 quokkas
  2 bats (D:2)
  5 frilled lizards
  3 hobgoblin zombies
  9 kobolds
  A kobold zombie (Ossuary)
  4 orc zombies (Ossuary)
  A rat (D:2)
  A lurking horror (D:9)
141 creatures vanquished.

Vanquished Creatures (others)
  15 fungi (D:8)
  A lurking horror (D:9)
  18 plants
34 creatures vanquished.

Grand Total: 175 creatures vanquished

Notes
Turn   | Place    | Note
-------+----------+-------------------------------------------
     0 | D:1      | MisterFreud the Troll Monk began the quest for the Orb.
     0 | D:1      | Reached XP level 1. HP: 22/22 MP: 0/0
   176 | D:3      | Noticed a +0 hand axe
   176 | D:3      | Noticed a +0 hand axe
   176 | D:3      | Noticed an orc wizard
   177 | D:3      | Found a hide-covered altar of Uskayaw.
   195 | D:2      | Reached XP level 2. HP: 8/29 MP: 1/1
   296 | D:3      | Reached skill level 1 in Shields
   296 | D:3      | Reached skill level 4 in Unarmed Combat
   296 | D:3      | Reached XP level 3. HP: 36/36 MP: 2/2
   316 | D:3      | Found a glowing drain.
   325 | Sewer    | Entered a sewer
   401 | Sewer    | Reached XP level 4. HP: 44/44 MP: 3/3
   519 | Sewer    | Noticed a bullfrog
   528 | Sewer    | Killed a bullfrog
   529 | Sewer    | Reached XP level 5. HP: 20/53 MP: 4/4
   957 | D:4      | Reached skill level 5 in Unarmed Combat
  1038 | D:4      | Found a staircase to the Ecumenical Temple.
  1068 | D:4      | Found a burning altar of Makhleb.
  1068 | D:4      | Found a sacrificial altar of Ru.
  1069 | D:4      | Found a blossoming altar of Fedhas.
  1134 | D:5      | Entered Level 5 of the Dungeon
  1183 | D:5      | Reached XP level 6. HP: 61/61 MP: 5/5
  1207 | D:5      | Found a burning altar of Makhleb.
  1209 | D:5      | Found a sand-covered staircase.
  1216 | Ossuary  | Entered an ossuary
  1600 | D:5      | Reached skill level 6 in Unarmed Combat
  1698 | D:5      | Reached XP level 7. HP: 39/68 MP: 6/6
  2065 | D:7      | Found a shimmering altar of Xom.
  2065 | D:7      | Found a shadowy altar of Dithmenos.
  2079 | D:7      | Reached skill level 7 in Unarmed Combat
  2300 | D:7      | Noticed Duvessa
  2300 | D:7      | Noticed Dowan
  2309 | D:7      | Killed Duvessa
  2310 | D:7      | Reached XP level 8. HP: 79/79 MP: 7/7
  2314 | D:7      | Killed Dowan
  2826 | D:8      | Reached skill level 8 in Unarmed Combat
  2832 | D:8      | Reached skill level 5 in Fighting
  2987 | D:9      | Found a staircase to the Orcish Mines.
  2987 | D:9      | Noticed an eight-headed hydra
  3030 | D:8      | Reached skill level 9 in Unarmed Combat
  3030 | D:8      | Reached XP level 9. HP: 64/88 MP: 8/8
  3157 | D:8      | Found Zuuru's Magic Scroll Shop.
  3187 | D:8      | Bought a scroll of teleportation for 39 gold pieces
  3187 | D:8      | Bought a scroll of teleportation for 39 gold pieces
  3187 | D:8      | Bought a scroll of teleportation for 39 gold pieces
  3187 | D:8      | Bought a scroll of teleportation for 39 gold pieces
  3187 | D:8      | Bought a scroll of identify for 26 gold pieces
  3187 | D:8      | Bought a scroll of magic mapping for 45 gold pieces
  3230 | D:9      | Noticed Prince Ribbit
  3239 | D:9      | Killed Prince Ribbit
  3240 | D:9      | Reached skill level 5 in Shields
  3254 | D:9      | Found a flagged portal.
  3257 | D:9      | Noticed Erica
  3268 | D:9      | Killed Erica
  3269 | D:9      | Reached skill level 10 in Unarmed Combat
  3278 | Bailey   | Entered a bailey
  3449 | D:9      | Found an iron altar of Okawaru.
  3464 | D:9      | Noticed Grum
  3490 | D:9      | Killed Grum
  3535 | D:9      | HP: 2/89 [wolf[Grum] (6)]
  3676 | D:10     | Entered Level 10 of the Dungeon
  3700 | D:10     | Noticed Erolcha
  3706 | D:9      | HP: 3/89 [wyvern (5)]
  3708 | D:9      | Reached XP level 10. HP: 4/98 MP: 9/9
  4026 | D:9      | Found a one-way gate to the infinite horrors of the Abyss.
  4027 | D:9      | Found a corrupted altar of Lugonu.
  4066 | D:9      | Slain by a wyvern

Illustrated notes

Levels and vault maps discovered:
D:1:      dpeg_arrival_stonehenge_8_columns, layout_rooms
D:2:      layout_basic, marbit_many_paths, uniq_jessica
D:3:      layout_basic, dancing_weapons_uskayaw, lemuel_blue_sif_altar,
          lemuel_coloured_pillars_altar, cheibrodos_sewer_entry_drain,
          minmay_misc_feat_square
D:4:      minmay_wonky_spiral, layout_cave_pools, grunt_temple_overflow_open,
          temple_green
D:5:      layout_basic, nicolae_ossuary_entry_giza, basic_altar,
          corexii_corridor_pit, serial_bayou_lagoon_a
D:6:      layout_loops_ring, nzn_hepliaklqana_mist_gate, basic_altar
D:7:      layout_basic, chequers_temple_overflow_statue_of_worship, uniq_duvessa
D:8:      kennysheep_ambush_hall, layout_rooms, vehumet_statue,
          grunt_lair_entry_orc_guard_hut, serial_shops, shop
D:9:      layout_roguey, orc_0_dummy, basic_altar, enter_bailey_5,
          amcnicky_altar_lugonu_corruption, uniq_grum, uniq_erica,
          uniq_prince_ribbit1
D:10:     nzn_motion_control, layout_cave_pools, uniq_erolcha

Skill      XL: |  1  2  3  4  5  6  7  8  9 |
---------------+----------------------------+-----
Shields        | 1 2 3 4 7 |  7.6
Unarmed Combat | 4 5 6 7 9 10 | 10.0
Fighting       | 3 4 5 6 |  6.0
Dodging        | |  2.4
Stealth        | |  1.0

Action                   |  1- 3 |  4- 6 |  7- 9 | 10-12 || total
-------------------------+-------+-------+-------+-------++-------
Melee: Unarmed           |    68 |   128 |   266 |    29 ||   491
  Use: Potion            |     1 |       |     1 |     2 ||     4
       Scroll            |       |       |       |     1 ||     1
 Stab: Distracted        |       |     1 |     1 |       ||     2
Armor: Robe              |    31 |    31 |    42 |     4 ||   108
Dodge: Dodged            |    31 |    35 |    72 |     5 ||   143
Block: Kite shield       |    27 |    34 |   134 |    10 ||   205
